 Dungeon Crawl Stone Soup version 0.22-a0-247-gbddf880 (webtiles) character file.

5746 nikopol the Thaumaturge (level 10, -7/52 HPs)
             Began as a Deep Elf Fire Elementalist on Feb 24, 2018.
             Was a Believer of Sif Muna.
             Mangled by a centaur (10 damage)
             ... on level 10 of the Dungeon on Feb 26, 2018.
             The game lasted 00:50:52 (13469 turns).

nikopol the Thaumaturge (DEFE)                     Turns: 13469, Time: 00:50:53

Health: -7/52      AC:  4    Str:  5    XL:     10   Next: 49%
Magic:  22/28      EV: 17    Int: 24    God:    Sif Muna [**....]
Gold:   586        SH:  0    Dex: 15    Spells: 18/33 levels left

rFire    + . .     SeeInvis .   f - +3 dagger of the Hierophant {pierce, Fragile rElec rPois rC+}
rCold    + . .     Gourm    .   (no shield)
rNeg     . . .     Faith    .   a - +0 robe
rPois    +         Spirit   .   (no helmet)
rElec    +         Reflect  .   (no cloak)
rCorr    .         Harm     .   w - +0 pair of gloves
MR       ++...                  x - +0 pair of boots
Stlth    +++.......             (no amulet)
HPRegen  0.17/turn              F - ring "Ymostirch" {rF+ EV+3}
MPRegen  0.21/turn              C - ring of protection from magic

@: about to teleport
A: no striking features
a: Divine Energy, Renounce Religion


You were on level 10 of the Dungeon.
You worshipped Sif Muna.
Sif Muna was pleased with you.
You were not hungry.

You visited 2 branches of the dungeon, and saw 12 of its levels.

You collected 682 gold pieces.
You spent 96 gold pieces at shops.

Inventory:

Hand Weapons
 f - the +3 dagger of the Hierophant (weapon) {pierce, Fragile rElec rPois rC+}
   (You found it on level 5 of the Dungeon)

   It inflicts extra damage upon your enemies.
   It protects you from cold.
   It insulates you from electricity.
   It protects you from poison.
   It will be destroyed if unequipped.
Armour
 a - a +0 robe (worn)
 w - a +0 pair of gloves (worn)
 x - a +0 pair of boots (worn)
Jewellery
 C - a ring of protection from magic (right hand)
 D - an uncursed ring of see invisible
 F - the ring "Ymostirch" (left hand) {rF+ EV+3}
   (You found it on level 9 of the Dungeon)

   [ring of evasion]

   It affects your evasion (+3).
   It protects you from fire.
 K - an uncursed ring of ice {unknown}
Wands
 t - a wand of acid (9)
 B - a wand of disintegration (18)
 G - a wand of paralysis (10)
 J - a wand of flame (25)
 L - a wand of digging (17)
Scrolls
 i - a scroll of noise {unknown}
 j - 4 scrolls of blinking {unknown}
 k - 4 scrolls of teleportation
 l - a scroll of magic mapping {unknown}
 n - a scroll of random uselessness {unknown}
 q - 4 scrolls of enchant armour {unknown}
 r - 5 scrolls of enchant weapon {unknown}
 v - 6 scrolls of remove curse {unknown}
 y - 2 scrolls of amnesia {unknown}
 A - 2 scrolls of identify
 E - a scroll of fog {unknown}
 I - a scroll of summoning {unknown}
Potions
 c - a potion of experience
 d - 2 potions of flight
 e - 2 potions of invisibility {unknown}
 g - 10 potions of curing
 h - 3 potions of lignification
 m - 7 potions of heal wounds
 o - 4 potions of haste
 p - a potion of degeneration {unknown}
 s - 3 potions of ambrosia {unknown}
 u - a potion of magic {unknown}
 z - 3 potions of agility
 H - a potion of might {unknown}
Comestibles
 b - 12 rations


   Skills:
 + Level 1.1 Fighting
 + Level 3.8 Dodging
 + Level 5.6 Stealth
 + Level 12.0 Spellcasting
 + Level 9.4 Conjurations
 + Level 9.7 Fire Magic


You had 18 spell levels left.
You knew the following spells:

 Your Spells              Type           Power        Failure   Level  Hunger
a - Flame Tongue          Conj/Fire      #####        1%          1    None
b - Throw Flame           Conj/Fire      ######       1%          2    None
c - Conjure Flame         Conj/Fire      ######..     1%          3    None
d - Sticky Flame          Conj/Fire      ######..     1%          4    None
e - Fireball              Conj/Fire      ######....   2%          5    ###....


Dungeon Overview and Level Annotations

Branches:
Dungeon (11/15)            Temple (1/1) D:7            Lair (0/6) D:8
    Orc (0/2) D:10

Altars:
Ashenzari
Cheibriados
Dithmenos
Elyvilon
Fedhas
Gozag
Hepliaklqana
Kikubaaqudgha
Makhleb
Nemelex Xobeh
Okawaru
Qazlal
Ru
Sif Muna
Trog
Uskayaw
Vehumet
Wu Jian
Xom
Yredelemnul
Zin
The Shining One

Shops:
D:5 %!

Annotations:
D:4 exclusion: oklob plant
D:10 Nico3ck's ghost, journeyman FoWz


Message History

Confirm with . or Enter, or press ? or * to list all spells.
Aiming: Fireball (safe; 2% risk of failure)
Press: ? - help, Shift-Dir - straight line The fireball explodes!
The fireball engulfs the centaur.
The centaur is heavily wounded.
The fireball engulfs the centaur.
You kill the centaur!
Sif Muna accepts your kill.
Your Spellcasting skill increases to level 12!
The centaur barely misses you. The centaur misses you.
The centaur barely misses you. The centaur misses you. The centaur hits you.
* * * LOW HITPOINT WARNING * * *
The centaur misses you.
Okay, then.
As you read the scroll labeled EMALLI GOELO, it crumbles to dust.
You feel strangely unstable.
It was a scroll of teleportation.
The centaur hits you.
* * * LOW HITPOINT WARNING * * *
The centaur hits you!
You die...

#..........##.......#
'.....)....#........#
#...................#
#..........######.###
###'######## #..#
#...### ##.# ###...#
#####'##### #####.###
#...c)....#
###.......####.c@......#
..[[.........#..c).....#
###().....##.#..)......#
#.......##.#.........#
#.......##.'.........#
#.......####.........#
#.......# #.........#
#####.### ########'##
##.# #....#


You could see 3 centaurs.

Vanquished Creatures
  2 two-headed ogres (D:10)
  2 hippogriffs
  Sigmund (D:3)
  A wraith (D:10)
  A water moccasin (D:8)
  2 orc warriors
  A phantom (D:3)
  2 sky beasts
  2 ice beasts
  2 necrophages
  5 ogres
  4 centaurs
  A big kobold (D:7)
  3 bullfrogs
  4 scorpions
  8 killer bees (D:10)
  The ghost of George the Shield-Bearer, a weakling MiFi (D:3)
  3 howler monkeys
  A bullfrog zombie (D:6)
  3 hounds
  7 orc wizards
  A centaur skeleton (D:4)
  9 orc priests
  3 jellies
  An iguana (D:7)
  4 worker ants
  A killer bee zombie (D:8)
  3 hound zombies
  A howler monkey zombie (D:10)
  7 adders
  4 shadow imps
  An adder zombie (D:6)
  4 adder skeletons
  3 worms
  6 dart slugs
  2 leopard geckos
  51 orcs
  7 bats
  5 giant cockroaches
  20 goblins
  10 hobgoblins
  14 jackals
  6 quokkas
  A ball python (D:1)
  7 frilled lizards
  A jackal skeleton (D:4)
  9 kobolds
  3 leopard gecko skeletons (D:5)
  A quokka zombie (D:6)
  11 rats
252 creatures vanquished.

Vanquished Creatures (others)
  2 plants (D:8)
2 creatures vanquished.

Grand Total: 254 creatures vanquished

Notes
Turn   | Place    | Note
-------+----------+-------------------------------------------
     0 | D:1      | nikopol the Deep Elf Fire Elementalist began the quest for the Orb.
     0 | D:1      | Reached XP level 1. HP: 10/10 MP: 6/6
   364 | D:1      | Reached XP level 2. HP: 13/15 MP: 2/8
   368 | D:1      | Learned a level 2 spell: Throw Flame
   894 | D:1      | Reached XP level 3. HP: 19/19 MP: 7/9
   955 | D:1      | Learned a level 3 spell: Conjure Flame
  1452 | D:2      | Noticed an ogre
  1592 | D:2      | Killed an ogre
  1592 | D:2      | Reached skill level 4 in Spellcasting
  1592 | D:2      | Reached XP level 4. HP: 24/24 MP: 1/12
  1598 | D:2      | Learned a level 4 spell: Sticky Flame
  1778 | D:2      | Reached XP level 5. HP: 24/28 MP: 6/13
  2384 | D:3      | Noticed George's ghost (weakling MiFi)
  2607 | D:3      | Noticed Sigmund
  2617 | D:3      | Killed Sigmund
  2617 | D:3      | Reached skill level 5 in Spellcasting
  2617 | D:3      | Reached skill level 5 in Fire Magic
  2617 | D:3      | Reached XP level 6. HP: 15/32 MP: 6/16
  3226 | D:3      | Found a sparkling altar of Nemelex Xobeh.
  3276 | D:3      | Killed George's ghost
  3276 | D:3      | Reached skill level 6 in Spellcasting
  3276 | D:3      | Reached XP level 7. HP: 36/36 MP: 6/18
  3536 | D:4      | Learned a level 5 spell: Fireball
  3549 | D:4      | Found a glowing golden altar of the Shining One.
  3930 | D:4      | Found a blossoming altar of Fedhas.
  3947 | D:4      | Noticed an oklob plant
  4133 | D:4      | Found a burning altar of Makhleb.
  4134 | D:4      | Found a shimmering altar of Xom.
  4657 | D:5      | Entered Level 5 of the Dungeon
  4942 | D:5      | Found Winyr's Food Shoppe.
  4957 | D:5      | Reached skill level 5 in Stealth
  4957 | D:5      | Reached skill level 5 in Conjurations
  5428 | D:5      | Got a bloodstained dagger
  5429 | D:5      | Identified the +3 dagger of the Hierophant {pierce, Fragile rElec rPois rC+} (You found it on level 5 of the Dungeon)
  5686 | D:5      | Found Poug's Distillery.
  5690 | D:5      | Bought a potion of curing for 36 gold pieces
  5690 | D:5      | Bought a potion of heal wounds for 60 gold pieces
  5799 | D:5      | Found a hazy altar of Hepliaklqana.
  5802 | D:5      | Reached skill level 7 in Spellcasting
  5926 | D:5      | Reached XP level 8. HP: 34/41 MP: 12/20
  7318 | D:6      | Reached skill level 8 in Spellcasting
  7674 | D:6      | Found a shadowy altar of Dithmenos.
  7752 | D:6      | Reached skill level 9 in Spellcasting
  7803 | D:6      | Found a radiant altar of Vehumet.
  8348 | D:7      | Reached XP level 9. HP: 46/46 MP: 15/24
  8505 | D:7      | Found a staircase to the Ecumenical Temple.
  8515 | Temple   | Entered the Ecumenical Temple
  8866 | D:7      | Found a glowing silver altar of Zin.
  8868 | D:7      | Found a bloodstained altar of Trog.
  8869 | D:7      | Found a hide-covered altar of Uskayaw.
  9201 | D:8      | Found a deep blue altar of Sif Muna.
  9212 | D:8      | Became a worshipper of Sif Muna the Loreminder
  9506 | D:8      | Found a staircase to the Lair.
  9509 | D:8      | Noticed a komodo dragon
  9718 | D:9      | Found a sacrificial altar of Ru.
  9720 | D:9      | Found a white marble altar of Elyvilon.
  9755 | D:9      | Reached skill level 10 in Spellcasting
  9850 | D:9      | Got a scorched brass ring
  9911 | D:9      | Identified the ring "Ymostirch" {rF+ EV+3} (You found it on level 9 of the Dungeon)
 10466 | D:9      | Reached * piety under Sif Muna
 10631 | D:10     | Entered Level 10 of the Dungeon
 10801 | D:10     | Noticed Nico3ck's ghost (journeyman FoWz)
 11156 | D:9      | Reached skill level 11 in Spellcasting
 12115 | D:10     | Reached XP level 10. HP: 51/51 MP: 9/27
 12447 | D:10     | Found a staircase to the Orcish Mines.
 12482 | D:10     | Reached skill level 1 in Fighting
 13158 | D:10     | Noticed a two-headed ogre
 13159 | D:10     | Noticed a two-headed ogre
 13171 | D:10     | Killed a two-headed ogre
 13171 | D:10     | Reached ** piety under Sif Muna
 13236 | D:10     | Killed a two-headed ogre
 13468 | D:10     | Reached skill level 12 in Spellcasting
 13469 | D:10     | Mangled by a centaur

Vault maps used:
D:1:      minmay_arrival_jagged, minmay_pentomino_z2
D:3:      nemelex_altar_shiori, serial_curves, eino_curves_04, eino_curves_04,
          first_ration, minmay_ruptured, uniq_sigmund
D:4:      grunt_temple_overflow_champion_of_chaos,
          nicolae_overflow_hidden_temple, tgw_fedhas
D:5:      kennysheep_little_box, serial_shops, shop, shop_fountains
D:6:      marbit_many_paths, basic_altar, minmay_ogre_servants
D:7:      gammafunk_temple_overflow_forgotten, minmay_temple_entry_junction_2
D:8:      nicolae_overflow_crystal_walls, david_lair_shrubbed
D:9:      chequers_temple_overflow_statue_of_worship
D:10:     orc_0_dummy
Temple:   jpeg_temple_island

Skill      XL: |  1  2  3  4  5  6  7  8  9 10 |
---------------+-------------------------------+-----
Conjurations   | 2 4 5 7 8 9 |  9.4
Fire Magic     | 4 5 6 7 9 |  9.7
Stealth        | 3 5 |  5.6
Spellcasting   | 4 5 6 7 9 11 12 | 12.0
Dodging        | 3 |  3.8
Fighting       | 1 |  1.1

Action                   |  1- 3 |  4- 6 |  7- 9 | 10-12 || total
-------------------------+-------+-------+-------+-------++-------
Melee: Unarmed           |     1 |       |     2 |       ||     3
       Dagger            |       |       |     4 |     7 ||    11
 Cast: Flame Tongue      |    80 |    79 |   321 |    46 ||   526
       Conjure Flame     |     1 |     2 |     9 |     7 ||    19
       Sticky Flame      |       |     5 |    36 |     6 ||    47
       Throw Flame       |       |     4 |    37 |     1 ||    42
       Fireball          |       |       |    20 |    10 ||    30
  Use: Scroll            |       |       |     5 |     1 ||     6
  Eat: Chunk             |     2 |     6 |    27 |     4 ||    39
       Ration            |       |       |     1 |     1 ||     2
Armor: Robe              |     7 |     1 |    18 |       ||    26
Dodge: Dodged            |    16 |    12 |    60 |    29 ||   117

Table legend:
 A = Spawn XP
 B = Non-spawn XP
 C = Spawn XP percentage of total XP
 D = Spawn monster count
 E = Non-spawn monster count
 F = Spawn count percentage of total count
 G = Total turns spent on level
                    A         B        C        D         E        F      G
               +---------+---------+-------+---------+---------+-------+---------
         Total |       0 |    8209 |   0.0 |       0 |     252 |   0.0 | 13469
               +---------+---------+-------+---------+---------+-------+---------
           D:1 |       0 |      52 |   0.0 |       0 |      29 |   0.0 |  1270
           D:2 |       0 |     157 |   0.0 |       0 |      22 |   0.0 |   873
           D:3 |       0 |     548 |   0.0 |       0 |      27 |   0.0 |  1369
           D:4 |       0 |     137 |   0.0 |       0 |      10 |   0.0 |  1199
           D:5 |       0 |     605 |   0.0 |       0 |      36 |   0.0 |  2301
           D:6 |       0 |    1146 |   0.0 |       0 |      46 |   0.0 |  1019
           D:7 |       0 |     583 |   0.0 |       0 |      24 |   0.0 |   839
           D:8 |       0 |     454 |   0.0 |       0 |       7 |   0.0 |   615
           D:9 |       0 |     955 |   0.0 |       0 |      16 |   0.0 |  2303
          D:10 |       0 |    3572 |   0.0 |       0 |      35 |   0.0 |  1447
               +---------+---------+-------+---------+---------+-------+---------
